 Dungeon Crawl Stone Soup version 0.23-a0-451-g1044d4cbad (webtiles) character file.

163 LLavrengius the Caller (level 5, -5/31 HPs)
             Began as an Octopode Summoner on Nov 22, 2018.
             Slain by an orc
             ... wielding a cursed +0 trident
              (10 damage)
             ... on level 3 of the Dungeon.
             The game lasted 00:10:04 (3402 turns).

LLavrengius the Caller (Octopode Summoner)          Turns: 3402, Time: 00:10:05

Health: -5/31      AC:  1    Str:  8    XL:     5   Next: 44%
Magic:  4/8        EV: 13    Int: 24    God:
Gold:   105        SH:  0    Dex: 12    Spells: 2/8 levels left

rFire    . . .     SeeInvis .   m - +0 halberd
rCold    . . .     Gourm    .   (shield currently unavailable)
rNeg     . . .     Faith    .   (helmet restricted)
rPois    .         Spirit   .   (no amulet)
rElec    .         Reflect  .   i - +6 ring of intelligence
rCorr    .         Harm     .   (no ring)
MR       .....                  (no ring)
Stlth    +++.......             (no ring)
HPRegen  0.10/turn              (no ring)
MPRegen  0.11/turn              (no ring)
                                (no ring)
                                (no ring)

@: no status effects
A: almost no armour, stealthy swim, amphibious, 8 rings, constrict 8, camouflage
1, gelatinous body 1
a: no special abilities


You were on level 3 of the Dungeon.
You were not hungry.

You visited 1 branch of the dungeon, and saw 3 of its levels.

You collected 105 gold pieces.

Inventory:

Hand Weapons
 f - a +0 short sword
 m - a +0 halberd (weapon)
Missiles
 k - 54 stones (quivered)
 n - 15 sling bullets
Jewellery
 i - a +6 ring of intelligence (left tentacle)
Scrolls
 a - a scroll of teleportation {unknown}
 d - 2 scrolls of immolation {unknown}
 h - 2 scrolls of remove curse {unknown}
 p - a scroll of fear {unknown}
 r - a scroll of random uselessness {unknown}
Potions
 c - a potion of brilliance {unknown}
 e - 3 potions of flight {unknown}
 g - 4 potions of heal wounds {unknown}
 j - a potion of lignification {unknown}
 o - a potion of mutation {unknown}
 q - a potion of invisibility {unknown}
Comestibles
 b - 4 rations
 l - a chunk of flesh


   Skills:
 + Level 1.8 Polearms
 - Level 2.0 Dodging
 - Level 2.6 Stealth
 + Level 2.2 Spellcasting
 + Level 6.0 Summonings


You had 2 spell levels left.
You knew the following spells:

 Your Spells              Type           Power        Failure   Level  Hunger
a - Summon Small Mammal   Summ           ####         1%          1    None
b - Call Imp              Summ           ####....     1%          2    ##.....
c - Call Canine Familiar  Summ           ####....     3%          3    ###....

Your spell library contained the following spells:

 Spells                   Type           Power        Failure   Level  Hunger
 Summon Guardian Golem    Hex/Summ       ###.....     10%         3    ###....
 Summon Ice Beast         Ice/Summ       ###.....     32%         4    ####...
 Summon Lightning Spire   Summ/Air       ###.....     32%         4    ####...


Dungeon Overview and Level Annotations

Branches:
Dungeon (3/15)

Altars:
Ashenzari
Dithmenos
Xom
Yredelemnul
Zin


Innate Abilities, Weirdness & Mutations

You cannot wear most types of armour.
You are very stealthy in the water. (Stealth+)
You are amphibious.
You can wear up to eight rings at the same time.
You can use your tentacles to constrict eight enemies at once.
Your skin changes colour to match your surroundings (Stealth+).
Your rubbery body absorbs attacks. (AC +1, EV +1)


Message History

The orc hits your hound but does no damage.
Your hound closely misses the orc.
Your hound misses the orc. The orc closely misses your hound.
The orc hits your hound with a cursed +0 trident.
Your hound closely misses the orc.
The orc closely misses your hound.
Your hound bites the orc.
The orc misses your hound.
Your hound bites the orc but does no damage.
The orc closely misses your hound.
The orc hits your hound but does no damage.
Your hound bites the orc.
The orc dies!
Your crimson imp barely misses the orc.
Your hound barely misses the orc.
The orc hits you from afar with a cursed +0 trident.
* * * LOW HITPOINT WARNING * * *
Your crimson imp hits the orc but does no damage.
Your hound misses the orc.
Your hound barely misses the orc.
The orc hits you from afar with a cursed +0 trident!
You die...

..#.#.#..........####.###### ###
#.#.#.##.........##........# #..
#.#.#.##.........##........# #..
#...#.##.........##........# #..
......###..................# #..
......# #..#.....##........# #..
......# ##.#.....##........####..
......# #......#.##........#.....
....#.# #......#@##........#....#
....#.# #......#.5oh.............
....#.###......#.##........#....#
....#...)......#.##........#....#
...........#.###.################
...........#.# #.#####
...........#.###.##..####
.##........#..##.##.#.#.####
.##........#..##.##...#..#.####


You could see an orc, a friendly hound and a friendly crimson imp.

Vanquished Creatures
  Crazy Yiuf (D:2)
  A gnoll (D:2)
  An adder (D:3)
  An ooze (D:1)
  A worm (D:2)
  A dart slug (D:2)
  A leopard gecko (D:1)
  9 orcs (D:3)
  A ball python (D:3)
  4 giant cockroaches
  7 hobgoblins
  7 jackals (D:1)
  7 bats
  5 frilled lizards
  4 goblins
  3 kobolds (D:1)
  2 rats (D:2)
56 creatures vanquished.

Vanquished Creatures (collateral kills)
  Terence (D:2)
  3 gnolls (D:2)
  2 adders (D:2)
  A worm (D:3)
  A dart slug (D:2)
  An orc (D:3)
  A quokka (D:2)
  A frilled lizard (D:2)
  A kobold (D:2)
  A rat (D:2)
13 creatures vanquished.

Grand Total: 69 creatures vanquished

Notes
Turn   | Place    | Note
-------+----------+-------------------------------------------
     0 | D:1      | LLavrengius the Octopode Summoner began the quest for the
                  | Orb.
     0 | D:1      | Reached XP level 1. HP: 11/11 MP: 3/3
   234 | D:1      | Reached XP level 2. HP: 13/17 MP: 5/5
   736 | D:1      | Reached XP level 3. HP: 21/21 MP: 6/6
   759 | D:1      | Learned a level 2 spell: Call Imp
   763 | D:1      | Learned a level 3 spell: Call Canine Familiar
   801 | D:1      | Reached skill level 5 in Summonings
  1660 | D:2      | Reached XP level 4. HP: 9/27 MP: 0/7
  1905 | D:2      | Noticed Terence
  1922 | D:2      | Killed Terence
  1992 | D:2      | Found a runed door.
  2118 | D:2      | Noticed Crazy Yiuf
  2125 | D:2      | Killed Crazy Yiuf
  2125 | D:2      | Reached skill level 1 in Polearms
  2318 | D:2      | Found a shimmering altar of Xom.
  2319 | D:2      | Noticed an angel
  2320 | D:2      | Found a glowing silver altar of Zin.
  2338 | D:2      | Found a shimmering altar of Xom.
  2387 | D:2      | Reached XP level 5. HP: 23/31 MP: 2/8
  2492 | D:2      | Found a basalt altar of Yredelemnul.
  2502 | D:2      | Found a shattered altar of Ashenzari.
  2897 | D:3      | Found a shadowy altar of Dithmenos.
  2980 | D:3      | Reached skill level 6 in Summonings
  3402 | D:3      | Slain by an orc

Vault maps used:
D:1:      nicolae_arrival_washed_ashore, minmay_hedge_maze,
          serial_bayou_lagoon_a
D:2:      grunt_temple_overflow_order_and_chaos_1,
          amethyst_overflow_temple_binary, minmay_strange_pillars,
          minmay_liquid_box, xom_teletrap_fun, uniq_crazy_yiuf_cottage,
          uniq_terence
D:3:      minmay_spotlight, lemuel_crystal_altar

Skill      XL: |  1  2  3  4  5 |
---------------+----------------+-----
Summonings     | 5 6 |  6.0
Polearms       | 1 |  1.8
Dodging        | |  2.0
Stealth        | |  2.6
Spellcasting   | |  2.2

Action                   |  1- 3 |  4- 6 || total
-------------------------+-------+-------++-------
Melee: Unarmed           |    24 |       ||    24
       Tentacles         |    15 |     8 ||    23
       Constrict         |    17 |    12 ||    29
       Short sword       |    57 |       ||    57
       Halberd           |       |    73 ||    73
 Cast: Call Imp          |     2 |    12 ||    14
       Call Canine Famil |     2 |     3 ||     5
       Summon Small Mamm |     1 |       ||     1
 Stab: Sleeping          |     8 |     8 ||    16
  Eat: Ration            |     1 |       ||     1
       Chunk             |       |     6 ||     6
Armor: Skin              |     3 |     7 ||    10
Dodge: Dodged            |    49 |    50 ||    99

Table legend:
 A = Non-vault XP
 B = Vault XP
 C = Vault XP percentage of total XP
 D = Non-vault monster count
 E = Vault monster count
 F = Vault count percentage of total count
                 A         B        C        D         E       F
            +---------+---------+-------+---------+---------+-------
      Total |     175 |      58 |  24.9 |      62 |       7 |  10.1
            +---------+---------+-------+---------+---------+-------
        D:1 |      45 |       0 |   0.0 |      25 |       0 |   0.0
        D:2 |      82 |      46 |  35.9 |      22 |       2 |   8.3
        D:3 |      48 |      12 |  20.0 |      15 |       5 |  25.0
            +---------+---------+-------+---------+---------+-------
